 Dungeon Crawl Stone Soup version 0.29-a0-334-gb41bcbb86e (webtiles) character file.

Game seed: 13798284271495061022

1549 spaghetti the Covered (level 8, -7/56 HPs)
             Began as a Demonspawn Brigand on Apr 14, 2022.
             Mangled by a komodo dragon (10 damage)
             ... on level 6 of the Dungeon.
             The game lasted 00:09:09 (6093 turns).

spaghetti the Covered (Demonspawn Brigand)          Turns: 6093, Time: 00:09:09

Health: -7/56      AC: 28    Str: 15    XL:     8   Next: 57%
Magic:  8/8        EV: 10    Int: 12    God:
Gold:   418        SH:  0    Dex: 24    Spells: 7/7 levels left

rFire   . . .      SeeInvis +   v - +6 dagger "Yjaubrymm" {vorpal, rElec, short}
rCold   . . .      Faith    .   (no shield)
rNeg    . . .      Spirit   .   p - +6 chain mail of the Sun {Harm Drain rElec Dex+4}
rPois   .          Reflect  .   m - +2 hat
rElec   +          Harm     +   s - +0 cloak
rCorr   .          Rampage  .   t - +1 Delatra's gloves {ID++}
Will    .....                   (no boots)
Stlth   ..........              b - amulet of the acrobat
HPRegen 0.18/turn               h - +6 ring of dexterity
MPRegen 0.11/turn               y - ring of see invisible

@: sanguine armoured
A: claws 1, sanguine armour 1
a: no special abilities


You were on level 6 of the Dungeon.
You visited 1 branch of the dungeon, and saw 6 of its levels.

You collected 418 gold pieces.


Innate Abilities, Weirdness & Mutations

You have sharp fingernails.
When seriously injured, your blood forms armour. (AC +6)


   Skills:
 - Level 2.0 Fighting
 - Level 1.7 Short Blades
 - Level 1.7 Throwing
 + Level 7.0 Armour
 - Level 6.8 Dodging
 - Level 3.6 Stealth


You had 7 spell levels left.
You didn't know any spells.
Your spell library was empty.

Inventory:

Hand Weapons
 a - a +2 dagger {short}
 k - a +2 quarterstaff of chaos {staff}
   (You took it off Crazy Yiuf on level 2 of the Dungeon)
 v - the +6 dagger "Yjaubrymm" (weapon) {vorpal, rElec, short}
   (You found it on level 4 of the Dungeon)

   It inflicts extra damage upon your enemies.
   rElec:     It insulates you from electricity.
Missiles
 d - 6 poisoned darts (quivered) {throwing}
 e - 2 curare-tipped darts {=fthrowing}
 i - 198 stones {throwing}
 o - 3 throwing nets {=f!fthrowing}
Armour
 m - a +2 hat (worn)
   (You found it on level 1 of the Dungeon)
 p - the +6 chain mail of the Sun (worn) {Harm Drain rElec Dex+4}
   (You took it off a goblin on level 2 of the Dungeon)

   Dex:       It affects your dexterity (+4).
   rElec:     It insulates you from electricity.
   Drain:     It drains your maximum health when unequipped.
   Harm:      It increases damage dealt and taken.
 s - a +0 cloak (worn)
   (You took it off Crazy Yiuf on level 2 of the Dungeon)
 t - the +1 Delatra's gloves (worn) {ID++}
   (You found it on level 3 of the Dungeon)

   It heals its wearer when they drink unknown potions.
   It restores its wearer's MP when they read unknown scrolls.
Jewellery
 b - an amulet of the acrobat (around neck)
   (You found it on level 3 of the Dungeon)
 h - a +6 ring of dexterity (left hand)
   (You found it on level 1 of the Dungeon)
 y - a ring of see invisible (right hand)
   (You found it on level 4 of the Dungeon)
Scrolls
 f - 3 scrolls of teleportation {unknown}
 g - a scroll of silence {unknown}
 l - a scroll of amnesia {unknown}
 n - 2 scrolls of holy word {unknown}
 q - 6 scrolls of identify {unknown}
 r - a scroll of brand weapon {unknown}
 u - a scroll of vulnerability {unknown}
 A - a scroll of enchant weapon {unknown}
 B - 2 scrolls of enchant armour {unknown}
Potions
 c - 2 potions of heal wounds {unknown}
 j - a potion of mutation {unknown}
 w - a potion of lignification {unknown}
 x - 3 potions of curing {unknown}
 z - a potion of resistance {unknown}
 C - a potion of might
 D - a potion of degeneration {unknown}

Dungeon Overview and Level Annotations

Branches:
Dungeon (6/15)
 Temple: D:4-7

Altars:
Ashenzari
Elyvilon
Hepliaklqana
Kikubaaqudgha
Makhleb
Nemelex Xobeh
Trog
Uskayaw
Zin

Shops:
D:2 [ D:5

! ...........#
...........#############
..[<.....##............#
##โ€
))...................
##)........# ...........
#.........#.##..........
#.........#.............
.................l...<..
...#............@.......
.####.........โ€
.......##
.#.....##..##.........#
.....####.##...##.......
.....####.#....# .......
.......#....##..........
.........##....>..###...
.......))###.####$.# #..
........).#..# .##


You could see a komodo dragon.


Message History

The orc priest invokes the aid of Beogh against you.
Pain shoots through your body!
* * * LOW HITPOINT WARNING * * *
๐Ÿ˜จ HP[-2]
You take 2 damage, and now have 27/56 hp.
You hit the orc priest.
You kill the orc priest! ๐Ÿ˜จ HP[+1]
You now have 418 gold pieces (gained 11).
You see here a +0 club {mace}.
You start resting.
Your blood armour dries and flakes away.
Key pressed, stopping explore.
Key pressed, stopping explore.
n - 2 scrolls labelled FAFABB IRGHOSUR (gained 1)
Things that are here:
a +0 whip {mace}; a +0 leather armour; an orc corpse
Things that are here:
a +0 short sword {short}; a +0 leather armour; a bullfrog skeleton ๐Ÿ˜Ž HP[+28]
Your hp is fully restored (56).
Items here: ))) [ รท.
Things that are here:
a +0 club {mace}; a +0 chain mail
Things that are here:
a +0 war axe {axe}; a +0 chain mail; an orc skeleton
Things that are here:
a +0 hand axe {axe}; an orc skeleton
Found a stone staircase leading down.
A hound comes into view.
The hound barks!
A hound is nearby!
You hit the hound. The hound bites you but does no damage.
You hit the hound. The hound bites you but does no damage.
A komodo dragon comes into view.
The hound bites you but does no damage.
The komodo dragon hisses angrily.
You hit the hound.
You kill the hound!
Your Armour skill increases to level 7!
Found a stone staircase leading up.
You see here a hound corpse.
The komodo dragon bites you. ๐Ÿ˜• HP[-1]
You take 1 damage, and now have 55/56 hp.
You completely miss the komodo dragon. The komodo dragon barely misses you.
You hit the komodo dragon.
The komodo dragon barely misses you. ๐Ÿ˜Ž HP[+1]
Your hp is fully restored (56).
You hit the komodo dragon.
The komodo dragon bites you! ๐Ÿ˜ฎ HP[-14]
You take 14 damage, and now have 42/56 hp.
MASSIVE DAMAGE!! (PAUSE)
You hit the komodo dragon.
The komodo dragon bites you but does no damage.
You closely miss the komodo dragon.
The komodo dragon bites you but does no damage.
You closely miss the komodo dragon. You hit the komodo dragon.
The komodo dragon bites you.
Your blood congeals into armour. ๐Ÿ˜ฎ HP[-6]
You take 6 damage, and now have 36/56 hp.
You hit the komodo dragon but do no damage.
The komodo dragon bites you but does no damage. ๐Ÿ˜ฎ HP[+1]
You hit the komodo dragon but do no damage.
The komodo dragon bites you but does no damage.
You hit the komodo dragon. The komodo dragon bites you!
* * * LOW HITPOINT WARNING * * *
๐Ÿ˜จ HP[-14]
You take 14 damage, and now have 23/56 hp.
MASSIVE DAMAGE!! (PAUSE)
You hit the komodo dragon but do no damage.
The komodo dragon barely misses you.
You hit the komodo dragon.
The komodo dragon bites you but does no damage.
You hit the komodo dragon.
The komodo dragon bites you but does no damage.
You hit the komodo dragon but do no damage.
The komodo dragon bites you but does no damage. ๐Ÿ˜จ HP[+1]
You hit the komodo dragon. The komodo dragon bites you!!
* * * LOW HITPOINT WARNING * * *
๐Ÿ˜ฑ HP[-22]
You take 22 damage, and now have 2/56 hp.
MASSIVE DAMAGE!! (PAUSE)
Okay, then.
You barely miss the komodo dragon.
The komodo dragon bites you but does no damage.
You hit the komodo dragon.
You punch the komodo dragon, but do no damage.
The komodo dragon barely misses you.
You hit the komodo dragon but do no damage.
You hit the komodo dragon but do no damage.
The komodo dragon bites you but does no damage.
You barely miss the komodo dragon.
The komodo dragon bites you but does no damage. ๐Ÿ˜ฑ HP[+1]
You barely miss the komodo dragon. The komodo dragon bites you!
You die...

Skill      XL: |  1  2  3  4  5  6  7  8 |
---------------+-------------------------+-----
Dodging        | 1 2 3 4 5 6 |  6.8
Armour         | 2 4 7 |  7.0
Fighting       | |  2.0
Short Blades   | |  1.7
Throwing       | |  1.7
Stealth        | |  3.6

Action                   |  1- 3 |  4- 6 |  7- 9 || total
-------------------------+-------+-------+-------++-------
Melee: Dagger            |   134 |   160 |   177 ||   471
       Punch             |     1 |     1 |     2 ||     4
Throw: Dart              |    38 |       |    23 ||    61
       Stone             |       |       |     2 ||     2
  Use: Potion            |       |     1 |       ||     1
 Stab: Invisible         |       |     1 |       ||     1
Armor: Robe              |     3 |       |       ||     3
       Plate armour      |    59 |       |       ||    59
       Chain mail        |    14 |   113 |   160 ||   287
Dodge: Dodged            |    39 |    91 |   141 ||   271

Levels and vault maps discovered:
D:1:      dpeg_arrival_chambers_temple_mockup, layout_basic,
          ebering_ecumenical_altar_box, dreamdust_wishing_well
D:2:      layout_rooms, serial_shops, nicolae_diamond_shop,
          uniq_crazy_yiuf_cottage
D:3:      layout_rooms, minitemple, kennysheep_cross_room,
          nicolae_elevator_lobby_plus
D:4:      layout_cave_pods, chequers_serial_rivers_large_b, st_stairs_8,
          uniq_blork_the_orc
D:5:      layout_rooms, trog_three_pillars_becter, nicolae_ashenzari_panopticon,
          mainiacjoe_overflow_24_doors, st_stairs_3, nicolae_take_the_stairs
D:6:      kennysheep_housing_project, layout_cave_pools, fedhas_altar_4,
          minmay_temple_entry_slanted

Notes
Turn   | Place    | Note
-------+----------+-------------------------------------------
     0 | D:1      | spaghetti the Demonspawn Brigand began the quest for the
                  | Orb.
     0 | D:1      | Reached XP level 1. HP: 16/16 MP: 1/1
     0 | D:1      | magus.rc [v1.9.6]
    15 | D:1      | Reached skill level 1 in Dodging
   102 | D:1      | Gained mutation: When seriously injured, your blood forms
                  | armour. (AC +6) [demonic ancestry]
   102 | D:1      | Reached XP level 2. HP: 17/22 MP: 2/2
   104 | D:1      | Reached skill level 2 in Dodging
   279 | D:1      | HP: 5/22 [dart slug/slug dart (5)]
   289 | D:1      | Reached XP level 3. HP: 6/27 MP: 3/3
   584 | D:1      | Found a faded altar of an unknown god.
   825 | D:1      | Reached skill level 3 in Dodging
  1491 | D:2      | Identified the +6 chain mail of the Sun {Harm Drain rElec
                  | Dex+4}
  1615 | D:2      | Found Ixtyer's Antique Armour Shop.
  1673 | D:2      | Reached XP level 4. HP: 32/33 MP: 4/4
  1834 | D:2      | Found a runed translucent door.
  1835 | D:2      | Noticed Crazy Yiuf
  2071 | D:2      | Killed Crazy Yiuf
  2072 | D:2      | Reached skill level 4 in Dodging
  2181 | D:3      | Found the +1 Delatra's gloves {ID++}
  2298 | D:3      | Gained mutation: You have sharp fingernails. [demonic
                  | ancestry]
  2298 | D:3      | Reached XP level 5. HP: 23/38 MP: 5/5
  2824 | D:3      | Found a sparkling altar of Nemelex Xobeh.
  2829 | D:3      | Found a burning altar of Makhleb.
  2830 | D:3      | Found a hazy altar of Hepliaklqana.
  2839 | D:3      | Found an ancient bone altar of Kikubaaqudgha.
  3225 | D:4      | Identified the +6 dagger "Yjaubrymm" {vorpal, rElec}
  3230 | D:4      | Noticed a black bear
  3247 | D:4      | Killed a black bear
  3248 | D:4      | Reached skill level 5 in Dodging
  3253 | D:4      | Reached XP level 6. HP: 34/44 MP: 6/6
  3447 | D:4      | Reached skill level 1 in Armour
  3452 | D:4      | Reached skill level 6 in Dodging
  3793 | D:4      | Reached skill level 2 in Armour
  3793 | D:4      | Reached XP level 7. HP: 29/50 MP: 7/7
  4307 | D:4      | Noticed Blork the orc
  4316 | D:4      | Killed Blork the orc
  4498 | D:5      | Entered Level 5 of the Dungeon
  4636 | D:5      | Found Vumok's Distillery.
  4690 | D:5      | Reached skill level 3 in Armour
  4734 | D:5      | Found a broken altar of Ashenzari.
  4942 | D:5      | Found a bloodstained altar of Trog.
  5154 | D:5      | Reached skill level 4 in Armour
  5324 | D:5      | Reached XP level 8. HP: 42/56 MP: 8/8
  5409 | D:5      | Found a hide-covered altar of Uskayaw.
  5414 | D:5      | Reached skill level 5 in Armour
  5714 | D:6      | Reached skill level 6 in Armour
  6068 | D:6      | Noticed a komodo dragon
  6070 | D:6      | Reached skill level 7 in Armour
  6087 | D:6      | HP: 2/56 [komodo dragon (22)]
  6093 | D:6      | Mangled by a komodo dragon

Vanquished Creatures
  An orc warrior (D:6)
  A black bear (D:4)
  A sky beast (D:5)
  An ogre (D:4)
  A centaur (D:6)
  A phantom (D:5)
  A bullfrog (D:6)
  Blork the orc (D:4)
  A necrophage (D:6)
  2 scorpions
  An orc priest (D:6)
  5 hounds
  2 jellies (D:5)
  Crazy Yiuf (D:2)
  2 gnoll shamans
  An orc wizard (D:5)
  2 iguanas
  12 gnolls
  9 adders
  An ufetubus (D:5)
  3 dart slugs
  16 orcs
  7 bats
  10 endoplasms
  2 giant cockroaches
  11 goblins
  11 hobgoblins
  3 jackals
  4 quokkas
  5 ball pythons
  6 frilled lizards (D:1)
  4 kobolds
  9 rats
138 creatures vanquished.

Table legend:
 A = Non-vault XP
 B = Vault XP
 C = Vault XP percentage of total XP
 D = Non-vault monster count
 E = Vault monster count
 F = Vault count percentage of total count
                 A         B        C        D         E       F
            +---------+---------+-------+---------+---------+-------
      Total |    2028 |     186 |   8.4 |     132 |       6 |   4.3
            +---------+---------+-------+---------+---------+-------
        D:1 |      67 |       0 |   0.0 |      32 |       0 |   0.0
        D:2 |      48 |      42 |  46.7 |      19 |       1 |   5.0
        D:3 |      71 |       0 |   0.0 |      20 |       0 |   0.0
        D:4 |     561 |      92 |  14.1 |      25 |       2 |   7.4
        D:5 |     592 |      52 |   8.1 |      16 |       3 |  15.8
        D:6 |     689 |       0 |   0.0 |      20 |       0 |   0.0
            +---------+---------+-------+---------+---------+-------

Illustrated notes

Table legend:
 A = Kills in this place as a percentage of kills in entire the game.
 B = Kills by you in this place as a percentage of kills by you in the entire game.
 C = Kills by friends in this place as a percentage of kills by friends in the entire game.
 D = Other kills in this place as a percentage of other kills in the entire game.
 E = Experience gained in this place as a percentage of experience gained in the entire game.
 F = Experience gained in this place divided by the number of levels of this place that you have seen.
                   A       B       C       D       E      F
               +-------+-------+-------+-------+-------+----------------------
         Total | 100.0 | 100.0 |   N/A |   N/A | 100.0 | 369.0
       Dungeon | 100.0 | 100.0 |   N/A |   N/A | 100.0 | 369.0
               +-------+-------+-------+-------+-------+----------------------

Table legend: (Time is in decaauts)
 A = Elapsed time spent in this place.
 B = Non-inter-level travel time spent in this place.
 C = Inter-level travel time spent in this place.
 D = Time resting spent in this place.
 E = Time spent auto-exploring this place.
 F = Levels seen in this place.
 G = Mean time per level.
                   A        B        C        D        E       F      G
               +--------+--------+--------+--------+--------+-----+--------+
         Total |   6075 |   5773 |    302 |   1270 |   3568 |   6 | 1012.5 |
       Dungeon |   6075 |   5773 |    302 |   1270 |   3568 |   6 | 1012.5 |
               +--------+--------+--------+--------+--------+-----+--------+

Top non-repeatable levels by time:
     D:4: 1542 daAuts
     D:1: 1256 daAuts
     D:5: 1035 daAuts
     D:2: 951 daAuts
     D:3: 857 daAuts
     D:6: 432 daAuts
